[Event "*** Titled Tuesday Blitz"]
[Site "Chess.com"]
[Date "2020.04.21"]
[Round "3"]
[White "juniortay"]
[Black "anon132639"]
[Result "1-0"]
[WhiteElo "2417"]
[BlackElo "2597"]
[TimeControl "180+1"]
[EndTime "10:27:35 PDT"]
[Termination "juniortay won by resignation"]

1. e4 c5 2. Nf3 Nc6 3. b4 Nxb4 4. c3 Nc6 5. d4 d5 6. exd5 Qxd5 7. Nbd2 cxd4 8. Bc4 Qd8 9. cxd4 Nf6 10. O-O Bg4 11.
d5 Nxd5 12. Qb3 e6 13. Qxb7 Nde7 14. Bb5 Bxf3 15. Nxf3 Qc8 16. Qxc8+ Rxc8 17. Ne5 f6 18. Nxc6 Nxc6 19. Be3 Ba3 20. Bxa7 Ke7 21. Be3 Nb4 22. Ba4 Rc3 23. Bb3 Rhc8 24. Rad1 R3c6 25. Ba4 R6c7 26.
Bb3 e5 27. f4 e4 28. f5 Nc2 29. Bf4 Rc3 30. Be6 R8c7 31. Bxc7 Rxc7 32. Bb3 Ne3 33. Rde1 Nxf1 34. Rxe4+ Kf8 35. Kxf1 Bd6 36. h3 Rc1+ 37.
Ke2 Be5 38. Rc4 h6 39. Rxc1 1-0

[Event "*** Titled Tuesday Blitz"]
[Site "Chess.com"]
[Date "2020.04.21"]
[Round "3"]
[White "annamaja"]
[Black "littleozy"]
[Result "1-0"]
[WhiteElo "2215"]
[BlackElo "2398"]
[TimeControl "180+1"]
[EndTime "10:27:35 PDT"]
[Termination "annamaja won by resignation"]

1. e4 c6 2. d4 d5 3. exd5 cxd5 4. Nf3 Nc6 5. Bd3 Nf6 6. c3 Bg4 7. O-O e6 8. h3 Bh5 9. Nbd2 Be7 10. Re1 O-O 11.
a4 Rc8 12. b4 a6 13. Qb3 Qc7 14. Bb2 Bg6 15. Bxg6 hxg6 16. b5 Na5 17. Qc2 Nc4 18. Nxc4 Qxc4 19. Qe2 Ne4 20. Qxc4 Rxc4 21. Ne5 Rc7 22.
Rec1 Rfc8 23. b6 Rxc3 24. Bxc3 Nxc3 25. Rc2 Bb4 26. Kf1 a5 27. Nd3 Rc6 28. Nxb4 axb4 29. a5 Rc4 30. a6 b3 31. Rb2 bxa6 32. Rxb3 1-0

[Event "*** Titled Tuesday Blitz"]
[Site "Chess.com"]
[Date "2020.04.21"]
[Round "3"]
[White "Savagelittlemole"]
[Black "ChessTraining77"]
[Result "0-1"]
[WhiteElo "2675"]
[BlackElo "2988"]
[TimeControl "180+1"]
[EndTime "10:27:38 PDT"]
[Termination "ChessTraining77 won by resignation"]

1. e4 e5 2. Nf3 Nc6 3. Bb5 a6 4. Ba4 Nf6 5. O-O Be7 6. Re1 b5 7. Bb3 d6 8. c3 O-O 9. h3 Na5 10. Bc2 c5 11. d4 Nd7 12. Nbd2 exd4 13. cxd4 Nc6 14. a4 Bb7 15. d5 Nce5 16. Nxe5 Nxe5 17. f4 Ng6 18. Nf3 Re8 19. e5 dxe5 20. Nxe5 Qxd5 21. Qxd5 Bxd5 22. axb5 axb5 23. Rxa8 Bxa8 24. Nd7 c4 25. f5 Bc5+ 26. Kf1 Bxg2+ 27. Kxg2 Rxe1 28. fxg6 Rxc1 29. gxh7+ Kh8 30. Be4 Bd4 31. Nb8 g6 32. Nc6 Bxb2 33. Nd8 Kxh7 34. Nxf7 Bf6 35. Nd6 b4 36.
Bd5 b3 37. Ne4 Be7 38. Nd2 b2 0-1

[Event "*** Titled Tuesday Blitz"]
[Site "Chess.com"]
[Date "2020.04.21"]
[Round "3"]
[White "Willychess95"]
[Black "BabyBoss31"]
[Result "1-0"]
[WhiteElo "2585"]
[BlackElo "2364"]
[TimeControl "180+1"]
[EndTime "10:27:38 PDT"]
[Termination "Willychess95 won by resignation"]

1. e4 e6 2. d3 d5 3. Nd2 Nf6 4. Ngf3 c5 5. g3 Nc6 6. Bg2 Be7 7. O-O O-O 8. Re1 b5 9. e5 Nd7 10. Nf1 Bb7 11. h4 Qc7 12. Bf4 a5 13. Ne3 Nd4 14.
Nxd4 cxd4 15. Nxd5 Bxd5 16. Bxd5 exd5 17. e6 Bd6 18.
Bxd6 Qxd6 19. exd7 Qxd7 20. Qf3 Rac8 21. Re2 Rc7 22.
Rae1 h6 23. Qf4 Rfc8 24. Qxd4 Rxc2 25. Re5 Rc1 26. Rxc1 Rxc1+ 27. Kg2 Qc6 28. Rxd5 Rc2 29. Qe4 Qf6 30. Rf5 Qg6 31. Rxb5 Qa6 32. Re5 g6 33. Re8+ Kg7 34. Qe5+ Qf6 35. Rg8+ 1-0

[Event "*** Titled Tuesday Blitz"]
[Site "Chess.com"]
[Date "2020.04.21"]
[Round "3"]
[White "GothamChess"]
[Black "mc4chess"]
[Result "0-1"]
[WhiteElo "2573"]
[BlackElo "2385"]
[TimeControl "180+1"]
[EndTime "10:27:40 PDT"]
[Termination "mc4chess won by resignation"]

1. e4 c5 2. a3 e6 3. b4 cxb4 4. axb4 Bxb4 5. c3 Be7 6. d4 d6 7. Bd3 Nf6 8. f4 O-O 9. Nf3 b6 10. O-O Bb7 11. Qe2 a5 12. Na3 Qc8 13. Bd2 Ba6 14.
Nb5 Nc6 15. e5 dxe5 16. fxe5 Nd5 17. Qe4 g6 18. Rab1 f5 19. exf6 Nxf6 20. Qe2 Nd5 21. g3 Bb7 22. Bh6 Rf7 23. h4 Ba6 24. h5 Bxb5 25. Rxb5 Nxc3 26. Qe3 Nxb5 27. hxg6 hxg6 28. Bxg6 Rf6 29. Qe4 Nbxd4 30. Ng5 Rxf1+ 31. Kxf1 Bxg5 32. Bxg5 Qf8+ 33. Kg2 Qf3+ 34. Qxf3 Nxf3 35. Kxf3 Ne5+ 0-1

[Event "*** Titled Tuesday Blitz"]
[Site "Chess.com"]
[Date "2020.04.21"]
[Round "3"]
[White "ace_mar"]
[Black "icychess54"]
[Result "1-0"]
[WhiteElo "2387"]
[BlackElo "2183"]
[TimeControl "180+1"]
[EndTime "10:27:40 PDT"]
[Termination "ace_mar won by checkmate"]

1. d4 d5 2. c4 c6 3. Nf3 Nf6 4. e3 e6 5. b3 Nbd7 6. Bb2 Be7 7. Bd3 O-O 8. Nbd2 b6 9. e4 dxe4 10. Nxe4 Bb7 11. Qe2 Qc7 12. O-O Rfd8 13. Rad1 Qf4 14.
Ne5 Nxe5 15. dxe5 Nxe4 16. Bxe4 Bc5 17. a3 a5 18. g3 Qg5 19. Qf3 Rd2 20. Bc1 Rxf2 21.
Rxf2 Qxe5 22. Be3 Bxe3 23. Qxe3 f5 24. Rd7 Bc8 25. Rd8+ Kf7 26. Qd3 Ke7 27. Bxc6 Qe1+ 28. Kg2 Ra7 29. Qd6+ Kf6 30. Rf8+ Kg6 31. Be8+ Kh6 32.
Qf4+ g5 33. Rf6+ Kg7 34. Qxg5+ Kh8 35. Rf8# 1-0

[Event "*** Titled Tuesday Blitz"]
[Site "Chess.com"]
[Date "2020.04.21"]
[Round "3"]
[White "dcann0n88"]
[Black "afgano29"]
[Result "0-1"]
[WhiteElo "2418"]
[BlackElo "2652"]
[TimeControl "180+1"]
[EndTime "10:27:41 PDT"]
[Termination "afgano29 won on time"]

1. e4 c5 2. Nf3 Nc6 3. d4 cxd4 4. Nxd4 e5 5. Nb5 d6 6. N1c3 a6 7. Na3 b5 8. Nd5 Nce7 9. Be2 Nxd5 10. exd5 f5 11.
O-O Nf6 12. f4 e4 13. Be3 Be7 14. c4 O-O 15. cxb5 Bb7 16. Bc4 Ng4 17. Bd4 Bf6 18.
h3 Bxd4+ 19. Qxd4 Nf6 20. b6 Nh5 21. Nc2 Qh4 22. Qe3 g5 23. fxg5 Rae8 24. Qf2 Qxg5 25.
Nd4 e3 26. Qf3 Qh4 27. Nxf5 Qxc4 28. Qxh5 Kh8 29. Nxd6 Qd4 30. Rfe1 Re7 31. Nf5 Qxd5 32. Re2 Rg8 0-1

[Event "*** Titled Tuesday Blitz"]
[Site "Chess.com"]
[Date "2020.04.21"]
[Round "3"]
[White "Jungle_Jaguar"]
[Black "gena217"]
[Result "0-1"]
[WhiteElo "2661"]
[BlackElo "2909"]
[TimeControl "180+1"]
[EndTime "10:27:44 PDT"]
[Termination "gena217 won by resignation"]

1. e4 c6 2. d4 d5 3. exd5 cxd5 4.
Bd3 Nc6 5. c3 Qc7 6. Nf3 Bg4 7. h3 Bh5 8. O-O e6 9. Re1 Bd6 10. c4 dxc4 11. Bxc4 Bxf3 12. Qxf3 Nxd4 13. Qg4 O-O-O 14. b3 Nf6 15. Qxg7 Nf3+ 16. Kf1 Nxe1 17. Bb2 Be5 18. Nc3 Rhg8 19. Qh6 Nc2 20. Rc1 Bf4 21.
Qxf6 Bxc1 22. Bxc1 Qh2 23. Ke2 Qxg2 24. Bf4 Nd4+ 25.
Kd3 Qf3+ 26. Be3 Qxf6 0-1

[Event "*** Titled Tuesday Blitz"]
[Site "Chess.com"]
[Date "2020.04.21"]
[Round "3"]
[White "Carnivoras"]
[Black "patzerplay"]
[Result "1-0"]
[WhiteElo "2607"]
[BlackElo "2375"]
[TimeControl "180+1"]
[EndTime "10:27:44 PDT"]
[Termination "Carnivoras won by resignation"]

1. d4 Nf6 2. Nf3 g6 3. Bg5 Bg7 4. Nbd2 d5 5. e3 Bf5 6. Bd3 Bxd3 7. cxd3 c6 8. O-O O-O 9. Qc2 Nbd7 10. a3 Re8 11. b4 a6 12. Nb3 e5 13. Nc5 Rb8 14. Nxd7 Qxd7 15. dxe5 Ng4 16. d4 h5 17. Rac1 Nh6 18.
Rfd1 Nf5 19. e4 Ne7 20. Nd2 Qg4 21. Bxe7 Rxe7 22. exd5 cxd5 23. Nf3 Bh6 24. Rb1 Rc8 25. Qd3 Rec7 26. h3 Qf4 27. e6 Rc3 28. exf7+ Kxf7 29. Ne5+ Qxe5 30. Qxc3 Qe6 31. Qf3+ Kg7 32. Re1 Qd7 33. Re5 Kh7 34. Qxd5 Qa4 35. Qxb7+ 1-0

[Event "*** Titled Tuesday Blitz"]
[Site "Chess.com"]
[Date "2020.04.21"]
[Round "3"]
[White "allvim"]
[Black "TudorAnton"]
[Result "1-0"]
[WhiteElo "2310"]
[BlackElo "2538"]
[TimeControl "180+1"]
[EndTime "10:27:44 PDT"]
[Termination "allvim won by resignation"]

1. e4 e5 2. Nf3 Nc6 3. Bc4 Nf6 4. O-O Bc5 5. d4 Bxd4 6. Nxd4 Nxd4 7. Bg5 d6 8. f4 Be6 9. Bxe6 Nxe6 10. fxe5 dxe5 11. Qxd8+ Rxd8 12. Bxf6 gxf6 13. Rxf6 Nf4 14. Nc3 Ke7 15.
Rf5 f6 16. g3 Rhg8 17. Kf1 Ne6 18. Nd5+ Kd6 19. Nxf6 Rg6 20. Rd1+ Ke7 21. Rxd8 Nxd8 22.
Nd5+ Kd7 23. Nf6+ Ke7 24. Nxh7 Ne6 25. Rxe5 Rh6 26. Ng5 Rxh2 27. Rxe6+ Kd7 28. Re5 Rxc2 29. Rb5 b6 30. Rb3 c5 31. Rd3+ Ke7 32. e5 Rxb2 33. e6 c4 34. Rd7+ Ke8 35. Rc7 Rc2 36. Ne4 Kd8 37.
Rd7+ Kc8 38. Nd6+ Kb8 39. e7 1-0

[Event "*** Titled Tuesday Blitz"]
[Site "Chess.com"]
[Date "2020.04.21"]
[Round "3"]
[White "penguingm1"]
[Black "lucliasco"]
[Result "1-0"]
[WhiteElo "2858"]
[BlackElo "2634"]
[TimeControl "180+1"]
[EndTime "10:27:45 PDT"]
[Termination "penguingm1 won by resignation"]

1. d4 d5 2. Bf4 c5 3. e3 Nc6 4.
Nf3 Bg4 5. Nbd2 e6 6. c3 Bd6 7. Bg3 Nge7 8. Qb3 Bxg3 9. hxg3 Rb8 10. Be2 c4 11. Qc2 Bxf3 12. Bxf3 f5 13. g4 O-O 14. b3 cxb3 15. axb3 Rc8 16. Rc1 g6 17. gxf5 exf5 18. O-O Qd6 19. c4 f4 20. cxd5 Nxd5 21. Ne4 Qe7 22. Qc4 Nb4 23. Nc5 Rfd8 24. e4 b6 25.
exd5 bxc5 26. dxc5 a5 27. Rfe1 Qf7 28. Re5 Rxc5 29.
Qxc5 Nd3 30. Qc3 1-0

[Event "*** Titled Tuesday Blitz"]
[Site "Chess.com"]
[Date "2020.04.21"]
[Round "3"]
[White "violetflower04"]
[Black "ChesterF"]
[Result "0-1"]
[WhiteElo "2253"]
[BlackElo "2529"]
[TimeControl "180+1"]
[EndTime "10:27:46 PDT"]
[Termination "ChesterF won by resignation"]

1. b3 d5 2. Bb2 Bf5 3. Nf3 e6 4.
e3 Nf6 5. c4 c6 6. Nc3 h6 7. d3 Be7 8. Be2 O-O 9. O-O a5 10. a3 Nbd7 11. Re1 Bh7 12. Bf1 Qb8 13. e4 dxe4 14. dxe4 Rd8 15. Qe2 Nc5 16. e5 Ne8 17. b4 Nd3 18. c5 Nxe1 19. Rxe1 axb4 20. axb4 Nc7 21. Ne4 Nd5 22. Qc4 b5 23. Qb3 Ra4 24. Bc3 Qa7 25. Nd4 Qa8 26. Nd6 Ra3 27. Qxa3 Qxa3 28. Bd2 Qb2 29. Nxc6 Qxd2 30. Re2 Qd1 31. Ra2 Bd3 0-1

[Event "*** Titled Tuesday Blitz"]
[Site "Chess.com"]
[Date "2020.04.21"]
[Round "3"]
[White "kleopl"]
[Black "tteshan"]
[Result "1-0"]
[WhiteElo "2463"]
[BlackElo "2229"]
[TimeControl "180+1"]
[EndTime "10:27:46 PDT"]
[Termination "kleopl won by resignation"]

1. c4 e6 2. Nc3 Nf6 3. e4 d6 4. d4 Be7 5. Be2 O-O 6. Nf3 b6 7. O-O Bb7 8. d5 e5 9. Rb1 Nbd7 10. b4 a5 11. a3 axb4 12. axb4 Ra7 13. h3 Qa8 14. Be3 c6 15. Nh4 Nxe4 16. Nxe4 Bxh4 17. Nxd6 cxd5 18. Nxb7 Qxb7 19. Qxd5 Qxd5 20. cxd5 Rfa8 21. Bb5 Be7 22. Rfc1 h6 23. Bxd7 Rxd7 24. Bxb6 Rxd5 25. Bc5 Bxc5 26. bxc5 Rc8 27. c6 Kf8 28. Rb7 Ke8 29. Kh2 Rd6 30. Rc5 Rdxc6 31. Rxe5+ Kf8 32. Rf5 f6 33. Rd5 R6c7 34. Rb3 Ke8 35. Rg3 g5 36.
Rf3 Kf7 37. Rd6 Rc6 38. Rfxf6+ Ke7 39. Rxc6 Rc7 40. Rxh6 Rxc6 1-0

[Event "*** Titled Tuesday Blitz"]
[Site "Chess.com"]
[Date "2020.04.21"]
[Round "3"]
[White "adiosabu"]
[Black "Funkmaus"]
[Result "1-0"]
[WhiteElo "2417"]
[BlackElo "2201"]
[TimeControl "180+1"]
[EndTime "10:27:46 PDT"]
[Termination "adiosabu won on time"]

1. d4 d5 2. Nf3 Nf6 3. Nc3 c6 4. Bg5 Ne4 5. Bd2 Bf5 6. e3 e6 7. Bd3 Nd7 8. Bxe4 dxe4 9. Ng1 Qg5 10. Kf1 c5 11. Nge2 Nf6 12. Nb5 O-O-O 13. Nxa7+ Kb8 14.
Nb5 Bg4 15. c4 Bf3 16. gxf3 exf3 17. Ng3 Ne4 18. Ba5 Qg4 19. Bxd8 Qh3+ 20. Ke1 Nxf2 21. Qxf3 Nxh1 22. Qxf7 1-0

[Event "*** Titled Tuesday Blitz"]
[Site "Chess.com"]
[Date "2020.04.21"]
[Round "3"]
[White "ElHelvetico"]
[Black "igorkovalenko"]
[Result "0-1"]
[WhiteElo "2651"]
[BlackElo "2876"]
[TimeControl "180+1"]
[EndTime "10:27:47 PDT"]
[Termination "igorkovalenko won by resignation"]

1. e4 c5 2. Nf3 e6 3. d4 cxd4 4. Nxd4 Nf6 5. Nc3 Nc6 6. Nxc6 bxc6 7. e5 Nd5 8. Ne4 Bb7 9. c4 Nb4 10. a3 Qa5 11. axb4 Qxa1 12. c5 Ba6 13. g3 Be7 14. Bxa6 Qxa6 15. Nd6+ Kf8 16. Bd2 Bxd6 17. exd6 Qd3 18.
Bc3 Qe4+ 19. Kd2 f6 20. Kc1 Kf7 21. Re1 Qf5 22. Qe2 h5 23. Qa6 Rhb8 24. f4 Rb5 25. Kd2 Qd5+ 26. Kc1 Qg2 27. f5 e5 28. Rd1 Qxh2 29. Qa2+ Kf8 30. Qc4 Qxg3 31. Rh1 Qf4+ 32. Qxf4 exf4 33. Rxh5 Kf7 34. Rh4 a5 35. bxa5 Rxc5 36.
Rxf4 Raxa5 37. Re4 Ra7 38. Re7+ Kf8 39. Kc2 Rxf5 40. Bd4 Rb7 0-1

[Event "*** Titled Tuesday Blitz"]
[Site "Chess.com"]
[Date "2020.04.21"]
[Round "3"]
[White "theblitzchamp"]
[Black "Sviridov_Valery"]
[Result "0-1"]
[WhiteElo "2634"]
[BlackElo "2855"]
[TimeControl "180+1"]
[EndTime "10:27:47 PDT"]
[Termination "Sviridov_Valery won by checkmate"]

1. d4 g6 2. Bf4 Bg7 3. e4 d6 4. Nc3 Nf6 5. Qd2 Nc6 6. Nf3 O-O 7. O-O-O Bg4 8. Bh6 e5 9. Bxg7 Kxg7 10. dxe5 dxe5 11. Qe3 Nd4 12. h3 Bxf3 13. gxf3 Nh5 14. Bc4 c6 15. Ne2 Nxe2+ 16. Bxe2 Qe7 17. Bc4 Nf4 18. h4 b5 19. Bb3 a5 20. a3 a4 21. Ba2 h5 22.
Kb1 Rab8 23. Qc3 c5 24. Rd7 Qxd7 25. Qxe5+ Kg8 26. Qxf4 c4 27. Rg1 Rfd8 28. Ka1 Qd2 29.
Qf6 Rd6 30. Qe5 Rc8 31. Qxb5 Qxc2 32. e5 Rd1+ 33. Rxd1 Qxd1+ 34. Bb1 c3 35. bxc3 Rxc3 36. Qb8+ Kh7 37. Qf8 Rxf3 38. e6 Qd4+ 39. Ka2 Rxf2+ 40. Bc2 Rxc2+ 41. Kb1 Qb2# 0-1

[Event "*** Titled Tuesday Blitz"]
[Site "Chess.com"]
[Date "2020.04.21"]
[Round "3"]
[White "Vaathi_Coming"]
[Black "Unknown_IM"]
[Result "1-0"]
[WhiteElo "2839"]
[BlackElo "2614"]
[TimeControl "180+1"]
[EndTime "10:27:48 PDT"]
[Termination "Vaathi_Coming won by resignation"]

1. e4 c5 2. Nf3 e6 3. d4 cxd4 4. Nxd4 Nf6 5. Nc3 Nc6 6. Nxc6 bxc6 7. e5 Nd5 8. Ne4 Qc7 9. f4 Qb6 10. c4 Bb4+ 11. Ke2 f5 12. exf6 Nxf6 13. Be3 Qc7 14. Nxf6+ gxf6 15. Kf2 Bd6 16. Qh5+ Kd8 17. Qh6 Rf8 18.
c5 Be7 19. Rd1 Rb8 20. b3 Qa5 21. Bc4 Qxa2+ 22. Kf3 Rxb3 23. Bxb3 Qxb3 24. Kf2 Ba6 25. Rd2 Qc4 26. Rhd1 Kc8 27. Qxh7 e5 28. Qxe7 1-0

[Event "*** Titled Tuesday Blitz"]
[Site "Chess.com"]
[Date "2020.04.21"]
[Round "3"]
[White "CMS13"]
[Black "hypert"]
[Result "0-1"]
[WhiteElo "2135"]
[BlackElo "2504"]
[TimeControl "180+1"]
[EndTime "10:27:49 PDT"]
[Termination "hypert won by resignation"]

1. e4 c5 2. Nc3 Nc6 3. Bb5 Nd4 4. Nf3 Nxb5 5. Nxb5 d6 6. d4 Nf6 7. Nc3 cxd4 8. Qxd4 e5 9. Qb4 d5 10. Qb3 d4 11. Nxe5 Be6 12. Qb5+ Nd7 13. Nd5 a6 14. Qxb7 Rb8 15. Nc7+ Ke7 16. Nc6+ Kf6 17. Nxb8 Bd6 18.
Nxd7+ Qxd7 19. Nd5+ Kg6 20. Qxd7 Bxd7 21. f4 f5 22. exf5+ Bxf5 23. h4 Bxc2 24. h5+ Kf5 25. Kf2 Rb8 26. Kf3 Be4+ 27. Kf2 Bxd5 28. b3 Bc5 29.
Kg3 Re8 30. Bd2 Re2 31. Rad1 Rxg2+ 32. Kh3 Rxd2 33. Rxd2 Bxh1 34. Rf2 d3 35. Rf1 Be4 36. Rg1 Bxg1 0-1

[Event "*** Titled Tuesday Blitz"]
[Site "Chess.com"]
[Date "2020.04.21"]
[Round "3"]
[White "Chessy222222"]
[Black "Nathan_Filgueiras"]
[Result "0-1"]
[WhiteElo "2090"]
[BlackElo "2338"]
[TimeControl "180+1"]
[EndTime "10:27:49 PDT"]
[Termination "Nathan_Filgueiras won by resignation"]

1. e4 c5 2. Nf3 Nc6 3. Bb5 e5 4.
Bxc6 dxc6 5. Nc3 Bd6 6. O-O Ne7 7. d3 O-O 8. h3 Ng6 9. a4 f6 10. Be3 Be6 11. a5 b6 12. Nd2 Qd7 13. Nc4 Bc7 14. axb6 axb6 15. Qe2 Nh4 16. f3 f5 17. Bf2 Ng6 18.
Kh2 Nf4 19. Qe1 fxe4 20. Qxe4 Bxh3 21. Nxe5 Bxe5 22. Qxe5 Bxg2 23. Bg3 Qh3+ 24. Kg1 Qxg3 0-1

[Event "*** Titled Tuesday Blitz"]
[Site "Chess.com"]
[Date "2020.04.21"]
[Round "3"]
[White "BlackWidow515"]
[Black "kasparicy"]
[Result "0-1"]
[WhiteElo "2061"]
[BlackElo "2330"]
[TimeControl "180+1"]
[EndTime "10:27:49 PDT"]
[Termination "kasparicy won by checkmate"]

1. d4 Nf6 2. Nf3 g6 3. g3 d5 4. Bg2 Bg7 5. O-O O-O 6. Nbd2 b6 7. b3 Bb7 8. Bb2 Ne4 9. c4 dxc4 10.
bxc4 Nxd2 11. Qxd2 Nc6 12. d5 Na5 13. Bxg7 Kxg7 14.
Qc3+ Kg8 15. e4 c6 16. Nd4 cxd5 17. cxd5 Rc8 18. Qf3 Nc4 19. Rfd1 Qd6 20. Nb5 Qe5 21. Nxa7 Rc5 22. a4 Ra8 23. Nb5 Nb2 24. Rd4 Rxb5 25. Qe3 Nc4 26. Qd3 Rc5 27. f4 Qg7 28. Rxc4 Qxa1+ 29. Kf2 Rxc4 30. Qxc4 Qxa4 31. Qc7 Qa2+ 32. Kf3 Ra3+ 33.
Kg4 Qe2+ 34. Bf3 Qxf3+ 35. Kh3 Qh5+ 36. Kg2 Ra2+ 37. Kf1 Qd1# 0-1

[Event "*** Titled Tuesday Blitz"]
[Site "Chess.com"]
[Date "2020.04.21"]
[Round "3"]
[White "Lion-Al-Messi"]
[Black "mirochka"]
[Result "1-0"]
[WhiteElo "2429"]
[BlackElo "2159"]
[TimeControl "180+1"]
[EndTime "10:27:50 PDT"]
[Termination "Lion-Al-Messi won on time"]

1. d4 Nf6 2. Nf3 d5 3. Nc3 Bf5 4. Bg5 c6 5. e3 Nbd7 6. Bd3 Ne4 7.
Bxe4 dxe4 8. Nd2 h6 9. Bf4 g5 10. Bg3 Qa5 11. O-O Bg7 12. Ndxe4 O-O 13. a3 Bg6 14. b4 Qd8 15. Nc5 Nxc5 16. bxc5 b5 17. Qf3 Qd7 18. h3 a5 19. Qe2 a4 20. Na2 f5 21.
Nb4 f4 22. Bh2 e5 23. Rad1 e4 24. f3 exf3 25. Qxf3 Bxc2 26. Nxc2 fxe3 27. Qxe3 Rae8 28. Qd3 Rxf1+ 29. Rxf1 Qd5 30. Bd6 Re4 31. Kh1 Qe6 32.
d5 1-0

[Event "*** Titled Tuesday Blitz"]
[Site "Chess.com"]
[Date "2020.04.21"]
[Round "3"]
[White "ChessWarrior7197"]
[Black "Shahinyan_ChessMood"]
[Result "1-0"]
[WhiteElo "2886"]
[BlackElo "2656"]
[TimeControl "180+1"]
[EndTime "10:27:52 PDT"]
[Termination "ChessWarrior7197 won by resignation"]

1. e4 d6 2. d4 Nf6 3. Nc3 e5 4. Nf3 Nbd7 5. Bc4 Be7 6. O-O O-O 7. a4 c6 8. a5 Qc7 9. h3 Rb8 10. Be3 b5 11. axb6 axb6 12. Bb3 h6 13. Nh4 exd4 14. Bxd4 Nc5 15. Bxc5 dxc5 16. e5 Nd5 17. Nxd5 cxd5 18.
Nf3 Be6 19. Bxd5 Rfd8 20. c4 b5 21. b3 bxc4 22. bxc4 Rb4 23. Rc1 Rd7 24. Qd3 Qd8 25.
Rfd1 Rxc4 26. Qxc4 Bxd5 27. Qa4 Be6 28. Rxd7 Bxd7 29. Qa7 Be6 30. Rb1 Bf8 31. Rb8 Qd1+ 32. Kh2 Qd5 33. Qe7 1-0

[Event "*** Titled Tuesday Blitz"]
[Site "Chess.com"]
[Date "2020.04.21"]
[Round "3"]
[White "kenta1234"]
[Black "Alopekos"]
[Result "1-0"]
[WhiteElo "2601"]
[BlackElo "2383"]
[TimeControl "180+1"]
[EndTime "10:27:52 PDT"]
[Termination "kenta1234 won on time"]

1. Nf3 Nf6 2. b3 e6 3. Bb2 d5 4.
g3 Be7 5. Bg2 O-O 6. O-O c5 7.
d3 Nc6 8. Nbd2 b5 9. a4 bxa4 10. Rxa4 Bd7 11. e4 Nb4 12. Ra3 Bc6 13. Ne5 Bb7 14. c3 Nc6 15. Nxc6 Bxc6 16. e5 Nd7 17. c4 Qc7 18. Re1 d4 19. Bxc6 Qxc6 20. f4 Rfb8 21. Qf3 Qxf3 22. Nxf3 Rb7 23. Rea1 Nb8 24.
Kf2 Nc6 25. Ke2 Rab8 26. Nd2 a5 27. Ra4 f6 28. exf6 gxf6 29. Rxa5 Nxa5 30. Rxa5 Kf7 31. Ba3 Rc7 32. Kd1 Rbb7 33. Ne4 Rxb3 34. Kc2 Rbb7 35. Bxc5 Bxc5 36. Nxc5 Ra7 37. Rb5 Ra2+ 38. Kb3 Rxh2 39. Ne4 h5 40. c5 Re2 41. Kc4 Re1 42. Kxd4 Rc1 43. Rb6 Rd1 44. Nd6+ Kg6 45. Ne4 Rd7+ 46. Rd6 Rxd6+ 47. Nxd6 1-0

[Event "*** Titled Tuesday Blitz"]
[Site "Chess.com"]
[Date "2020.04.21"]
[Round "3"]
[White "lilleper1"]
[Black "volcanoexplorer"]
[Result "1-0"]
[WhiteElo "2729"]
[BlackElo "2493"]
[TimeControl "180+1"]
[EndTime "10:27:53 PDT"]
[Termination "lilleper1 won by resignation"]

1. e4 e5 2. Nf3 Nc6 3. Bb5 a6 4. Ba4 Nf6 5. O-O Be7 6. d3 b5 7. Bb3 O-O 8. Nc3 d6 9. a3 h6 10. h3 Nb8 11. a4 b4 12. Ne2 c5 13. Ng3 Be6 14. c3 a5 15. Bxe6 fxe6 16. d4 Nbd7 17. Qb3 Kf7 18. Rd1 Qc7 19. dxe5 dxe5 20. Nd2 Nb6 21. Nc4 Rfd8 22. Be3 h5 23. Rac1 Nxc4 24. Qxc4 h4 25. Nf5 Rxd1+ 26. Rxd1 Rc8 27. Nxh4 Qc6 28.
Nf3 Qxa4 29. Nxe5+ Ke8 30. Rc1 Nd7 31. Qxe6 bxc3 32.
bxc3 Rb8 33. Nc6 1-0

[Event "*** Titled Tuesday Blitz"]
[Site "Chess.com"]
[Date "2020.04.21"]
[Round "3"]
[White "AlanZhang"]
[Black "Cubitas"]
[Result "0-1"]
[WhiteElo "2176"]
[BlackElo "2512"]
[TimeControl "180+1"]
[EndTime "10:27:53 PDT"]
[Termination "Cubitas won by checkmate"]

1. e4 c5 2. Nf3 Nc6 3. d4 cxd4 4. Nxd4 e5 5. Nb5 d6 6. c4 Be7 7. N1c3 a6 8. Na3 f5 9. Bd3 f4 10. Nd5 Nf6 11. Bd2 O-O 12. Qe2 Nd4 13. Qf1 Nxd5 14. cxd5 f3 15. O-O-O Bg5 16. Kb1 Bxd2 17. Rxd2 Qg5 18.
Qd1 fxg2 19. Rg1 Nf3 20. Rc2 Nxg1 21. Qxg1 Bh3 22. Nc4 Rad8 23. Ne3 Rc8 24. Rd2 g6 25. Bc2 Rc7 26. Bd1 Rcf7 27. f3 Rxf3 28. Bxf3 Rxf3 29.
Rxg2 Bxg2 30. Nxg2 Qd2 31. Ne1 Rf2 32. Nc2 Qxc2+ 33.
Ka1 Qxb2# 0-1

[Event "*** Titled Tuesday Blitz"]
[Site "Chess.com"]
[Date "2020.04.21"]
[Round "3"]
[White "marcodobrikov"]
[Black "Kezin_Roman"]
[Result "0-1"]
[WhiteElo "2507"]
[BlackElo "2738"]
[TimeControl "180+1"]
[EndTime "10:27:54 PDT"]
[Termination "Kezin_Roman won by checkmate"]

1. e4 c5 2. Nf3 e6 3. d4 cxd4 4.
Nxd4 Nc6 5. Nc3 Qc7 6. Be3 a6 7. Bd3 Nf6 8. O-O Nxd4 9. Bxd4 Bc5 10. Be2 d6 11. Qd2 e5 12. Bxc5 dxc5 13. Rad1 Be6 14. Qg5 O-O 15. Nd5 Bxd5 16. exd5 Qd6 17. c4 Rfe8 18.
Bd3 e4 19. Bc2 Re5 20. Qe3 Rae8 21. h3 Nd7 22. Rde1 f5 23. Qg3 g6 24. f3 exf3 25.
gxf3 Qf6 26. f4 Re2 27. Bd3 Qd4+ 28. Kh1 R8e3 29. Qh4 Qxd3 30. Rxe2 Rxe2 31. Qd8+ Nf8 32. Rf3 Qxf3+ 33. Kg1 Qg2# 0-1

[Event "*** Titled Tuesday Blitz"]
[Site "Chess.com"]
[Date "2020.04.21"]
[Round "3"]
[White "dpruess"]
[Black "Dr-Bassem"]
[Result "0-1"]
[WhiteElo "2455"]
[BlackElo "2792"]
[TimeControl "180+1"]
[EndTime "10:27:54 PDT"]
[Termination "Dr-Bassem won by resignation"]

1. e4 e5 2. f4 exf4 3. Nf3 g5 4.
d4 Bg7 5. h4 h6 6. hxg5 hxg5 7.
Rxh8 Bxh8 8. g3 g4 9. Nh2 d5 10.
Bxf4 dxe4 11. c3 Nf6 12. Nd2 Nh5 13. Qe2 Nxf4 14. Qxe4+ Ne6 15. d5 Qe7 16. dxe6 Qxe6 17.
O-O-O Qxe4 18. Nxe4 Nc6 19. Bb5 a6 20. Bc4 Be5 21.
Re1 Bf5 22. Bd5 O-O-O 23. Bxc6 bxc6 24. Ng5 Bxg3 0-1

[Event "*** Titled Tuesday Blitz"]
[Site "Chess.com"]
[Date "2020.04.21"]
[Round "3"]
[White "hedgehog280"]
[Black "2L8IWUN"]
[Result "0-1"]
[WhiteElo "2648"]
[BlackElo "2437"]
[TimeControl "180+1"]
[EndTime "10:27:54 PDT"]
[Termination "2L8IWUN won by resignation"]

1. c4 e6 2. Nc3 d5 3. d4 Nf6 4.
cxd5 exd5 5. g3 c6 6. Bg2 Bd6 7. Nf3 O-O 8. Ne5 h6 9. O-O Bf5 10. Bf4 Re8 11. e3 g5 12. g4 Bxe5 13. Bxe5 Nxg4 14.
Bg3 Nf6 15. Qb3 Qb6 16. Qa3 Nbd7 17. Na4 Qa5 18. Qb3 Qa6 19. Rac1 Ne4 20. Bc7 Nd2 21. Qb4 Nxf1 22. Bxf1 b5 23. Nc5 Nxc5 24. Rxc5 Qb7 25.
Bg3 Rac8 26. Qc3 Qd7 27. b4 h5 28. Be5 Re6 29. h3 f6 30. Bh2 Re7 31. Bxb5 cxb5 32. a4 Rxc5 33. dxc5 bxa4 34. c6 Qe6 35. c7 Bxh3 36. f3 Qxe3+ 37. Qxe3 Rxe3 38. Kf2 Rc3 39. Bd6 Kf7 40. Bc5 Rxc5 41. Kg3 Rxc7 0-1

[Event "*** Titled Tuesday Blitz"]
[Site "Chess.com"]
[Date "2020.04.21"]
[Round "3"]
[White "lucasran"]
[Black "KubaGepard"]
[Result "1-0"]
[WhiteElo "2612"]
[BlackElo "2387"]
[TimeControl "180+1"]
[EndTime "10:27:54 PDT"]
[Termination "lucasran won by resignation"]

1. Nf3 d5 2. e3 Nf6 3. c4 e6 4.
Nc3 dxc4 5. Bxc4 c5 6. O-O a6 7. a4 Nc6 8. Qe2 Be7 9. Rd1 O-O 10. d4 Qc7 11. d5 exd5 12. Bxd5 Nb4 13. Bc4 Bg4 14. h3 Bh5 15. e4 Bxf3 16. Qxf3 Nc2 17. Rb1 Nd4 18. Qf4 Bd6 19. Qh4 Rab8 20. Bg5 b5 21. axb5 axb5 22. Bxf6 bxc4 23. Nd5 Qd7 24. Rxd4 Rfe8 25. Qg5 g6 26. Rdd1 Rxe4 27. Bc3 Qf5 1-0